 Dungeon Crawl Stone Soup version 0.24.0-41-g2ae2f7f1be (webtiles) character file.

Game seed: 4851246291437416130, levelgen mode: deterministic

46 Descartes the Ducker (level 3, -3/17 HPs)
             Began as a Felid Monk on Dec 10, 2019.
             Slain by a goblin
             ... wielding a +0 club
             ... led by Robin
              (8 damage)
             ... on level 2 of the Dungeon.
             The game lasted 00:03:25 (1759 turns).

Descartes the Ducker (Felid Monk)                   Turns: 1759, Time: 00:03:27

Health: -3/17      AC:  1    Str:  8    XL:     3   Next: 44%
Magic:  4/4        EV: 20    Int: 11    God:
Gold:   58         SH:  0    Dex: 18    Spells: 2/2 levels left
                                        Lives:  0   Deaths: 0

rFire    . . .     SeeInvis +     - Unarmed
rCold    . . .     Gourm    .   (shield unavailable)
rNeg     . . .     Faith    .   (armour unavailable)
rPois    .         Spirit   .   (helmet unavailable)
rElec    .         Reflect  .   (cloak unavailable)
rCorr    .         Harm     .   (gloves unavailable)
MR       .....                  (boots unavailable)
Stlth    +++.......             (no amulet)
HPRegen  0.05/turn              (no ring)
MPRegen  0.09/turn              (no ring)

@: quick
A: very small, no armour, no weapons or thrown items, stealth, claws 1, fangs 3,
see invisible, carnivore, speed 1, shaggy fur 1, slow metabolism 1, sharp paws
a: no special abilities


You were on level 2 of the Dungeon.
You were completely stuffed.

You visited 1 branch of the dungeon, and saw 2 of its levels.

You collected 58 gold pieces.

Inventory:

Missiles
 c - 47 stones
 i - 11 arrows
Scrolls
 b - a scroll of enchant armour {unknown}
 e - a scroll of teleportation {unknown}
 f - 2 scrolls of remove curse {unknown}
 k - a scroll of fear {unknown}
Potions
 d - a potion of flight {unknown}
 g - 2 potions of magic {unknown}
 j - a potion of ambrosia {unknown}
 l - a potion of heal wounds {unknown}
 m - a potion of might {unknown}
Comestibles
 a - 2 rations
 h - 5 chunks of flesh


   Skills:
 + Level 3.4 Fighting
 + Level 4.4 Dodging
 + Level 3.3 Stealth
 * Level 3.6 Unarmed Combat


You had 2 spell levels left.
You didn't know any spells.
Your spell library was empty.

Dungeon Overview and Level Annotations

Branches:
Dungeon (2/15)

Altars:

Annotations:
D:2 Robin


Innate Abilities, Weirdness & Mutations

You cannot wear armour.
You are incapable of wielding weapons or throwing items.
Your paws allow you to move quietly. (Stealth)
You have sharp claws.
You have razor-sharp teeth.
You have supernaturally acute eyesight. (SInv)
You are carnivorous and can eat meat at any time.
You cover ground quickly.
You are covered in fur. (AC +1)
You have a slow metabolism.
Your sharp claws are effective at attacking unaware monsters.


Message History

The goblins go into a battle-frenzy!
The goblin closely misses you. The goblin hits you with a +0 club.
You closely miss the goblin.
The goblin is moderately wounded.
The goblin no longer looks unusually strong.
The goblin hits you.
* * * LOW HITPOINT WARNING * * *
The goblin hits you but does no damage.
You barely miss the goblin.
The goblin is moderately wounded.
Robin roars a battlecry!
The goblins go into a battle-frenzy!
The goblin completely misses you. The goblin closely misses you.
You claw the goblin!
You kill the goblin!
The goblin no longer looks unusually strong.
Robin roars a battlecry!
The goblin goes into a battle-frenzy!
The goblin hits you with a +0 club!
You die...

.............
............
...........
...g...... ....ggg..
......gg ....##'#
######.##############
#......g.ggggggg@...#
#.####.############.#
..####+## ........#
........# ........#
....>...#
........####
...รท.......#


You could see Robin, a hobgoblin and 5 goblins.

Vanquished Creatures
  2 dart slugs (D:1)
  3 leopard geckos (D:1)
  5 bats
  2 giant cockroaches
  4 goblins
  7 hobgoblins
  8 kobolds
  A ball python (D:1)
  A frilled lizard (D:1)
  3 rats
36 creatures vanquished.

Notes
Turn   | Place    | Note
-------+----------+-------------------------------------------
     0 | D:1      | Descartes the Felid Monk began the quest for the Orb.
     0 | D:1      | Reached XP level 1. HP: 10/10 MP: 2/2
   283 | D:1      | You fall into a shaft and drop 1 floor!
   313 | D:2      | Noticed Robin
   384 | D:1      | Reached XP level 2. HP: 2/14 MP: 3/3
  1362 | D:1      | Reached XP level 3. HP: 15/17 MP: 4/4
  1759 | D:2      | Slain by a goblin

Levels and vault maps discovered:
D:1:      psy_arrival_basics, layout_basic
D:2:      layout_basic, lemuel_coloured_pillars_altar, uniq_crazy_yiuf_cottage,
          uniq_jessica, uniq_robin

Skill      XL: |  1 |
---------------+----+-----
Stealth        | 3 |  3.3
Fighting       | |  3.4
Dodging        | |  4.4
Unarmed Combat | |  3.6

Action                   || total
-------------------------++-------
Melee: Unarmed           ||   103
       Bite              ||     7
       Punch             ||     2
 Stab: Sleeping          ||     7
  Eat: Chunk             ||     9
Armor: Skin              ||     8
Dodge: Dodged            ||   100
